 Dungeon Crawl Stone Soup version 0.16.0-12-g7215832 (webtiles) character file.

103 HungoverVic the Conjurer (level 4, -3/30 HPs)
             Began as a Mummy Wizard on Mar 18, 2015.
             Slain by a black bear (4 damage)
             ... on level 2 of the Dungeon.
             The game lasted 00:13:11 (3399 turns).

HungoverVic the Conjurer (Mummy Wizard)             Turns: 3399, Time: 00:13:11

Health: -3/30      AC:  2    Str: 10    XL:     4   Next: 51%
Magic:  1/9        EV: 12    Int: 18    God:
Gold:   25         SH:  0    Dex: 10    Spells: 4 memorised, 0 levels left

rFire  x . .     SeeInvis .     h - +0 dagger
rCold  + . .     Clarity  .     a - +0 robe
rNeg   + + +     SustAb   .     (no shield)
rPois  ∞         Gourm    .     b - +0 hat
rElec  .         Spirit   .     (no cloak)
rCorr  .         Warding  .     (no gloves)
rMut   .         Stasis   .     (no boots)
MR     .....                    (no amulet)
Stlth  ++........               (no ring)
                                (no ring)

@: very slightly contaminated, repel missiles, not resistant to hostile
enchantments, unstealthy
A: no food or potions, fire vulnerability, restore body, cold resistance 1,
negative energy resistance 3, poison resistance, torment resistance, unbreathing
a: no special abilities


You were on level 2 of the Dungeon.
You were not hungry.

You visited 1 branch of the dungeon, and saw 3 of its levels.

You collected 25 gold pieces.

Inventory:

Hand weapons
 h - a +0 dagger (weapon)
 i - a +1 dagger of venom
Armour
 a - a +0 robe (worn)
 b - a +0 hat (worn)
 f - a cursed +0 robe
Jewellery
 e - a cursed amulet of resist mutation {unknown}
Scrolls
 d - 3 scrolls of identify
 g - 2 scrolls of blinking {unknown}
 j - 3 scrolls of magic mapping
 k - 2 scrolls of teleportation {unknown}
 l - 4 scrolls of enchant armour {unknown}
Books
 c - a book of Minor Magic

   Spells                             Type                      Level
   a - Magic Dart                     Conjuration                  1
   b - Blink                          Translocation                2
   c - Call Imp                       Summoning                    2
   d - Repel Missiles                 Charms/Air                   2
   e - Slow                           Hexes                        2
   f - Conjure Flame                  Conjuration/Fire             3
   g - Mephitic Cloud                 Conjuration/Poison/Air       3


   Skills:
 - Level 1.5 Dodging
 - Level 1.5 Stealth
 - Level 3.0 Spellcasting
 + Level 3.6 Conjurations
   Level 0.7 Summonings
   Level 0.7 Translocations


You couldn't memorise any spells.
You knew the following spells:

 Your Spells              Type           Power        Failure   Level  Hunger
a - Magic Dart            Conj           ###.         4%          1    N/A
b - Conjure Flame         Conj/Fire      #.......     24%         3    N/A
c - Mephitic Cloud        Conj/Pois/Air  #.......     34%         3    N/A
d - Repel Missiles        Chrm/Air       #.....       28%         2    N/A

Dungeon Overview and Level Annotations

Branches:
Dungeon (3/15)

Altars:


Innate Abilities, Weirdness & Mutations

You do not eat or drink.
Your flesh is vulnerable to fire.
Your flesh is cold resistant.
You are immune to negative energy.
Your system is resistant to poisons.
You are immune to unholy pain and torment.
You can survive without breathing.


Message History

You hit the black bear!
The black bear is severely wounded.
The black bear barely misses you. The black bear claws you.
The black bear claws you but does no damage.
You hit the black bear.
The black bear is severely wounded.
You hit the black bear.
The black bear is almost dead.
The black bear seems less confused.
The black bear goes berserk!
You hit the black bear.
The black bear is almost dead.
The black bear bites you.
* * * LOW HITPOINT WARNING * * *
The black bear claws you.
* * * LOW HITPOINT WARNING * * *
The black bear misses you. The black bear bites you.
* * * LOW HITPOINT WARNING * * *
The black bear claws you.
You die...

#.##.#...##########
#......### ####.###
#...# ###.#.###
#...#...# #######
#.#####.# #.....###
#.%.#...# #.....#..
###@#.### #........
#h).# #........
##.##### #.!...÷##
#.###.########.##
#.##.#.## #.#.
#>....#.######.#.
####...#.......#.
##)##.#####...
#.##.###.....


You could see a black bear (berserk).

Vanquished Creatures
  3 adders (D:2)
  A giant mite (D:2)
  A worm (D:2)
  A giant gecko (D:1)
  2 oozes
  4 bats
  5 giant cockroaches
  6 hobgoblins
  5 jackals (D:2)
  6 kobolds
  5 giant newts
  10 goblins
  9 rats
58 creatures vanquished.

Notes
Turn   | Place    | Note
--------------------------------------------------------------
     0 | D:1      | HungoverVic, the Mummy Wizard, began the quest for the Orb.
     0 | D:1      | Reached XP level 1. HP: 13/13 MP: 4/4
    31 | D:1      | Reached skill level 1 in Conjurations
   551 | D:1      | Reached XP level 2. HP: 19/19 MP: 6/6
  1597 | D:2      | Reached XP level 3. HP: 24/24 MP: 5/7
  1713 | D:2      | Learned a level 3 spell: Conjure Flame
  1717 | D:2      | Learned a level 3 spell: Mephitic Cloud
  2615 | D:2      | Reached XP level 4. HP: 25/30 MP: 2/9
  2973 | D:2      | Learned a level 2 spell: Repel Missiles
  3226 | D:2      | Noticed a black bear
  3399 | D:2      | HP: 1/30 [black bear (1)]
  3399 | D:2      | Slain by a black bear

Action                   |  1- 3 |  4- 6 || total
-------------------------+-------+-------++-------
Melee: Unarmed           |    11 |       ||    11
       Club              |     2 |       ||     2
       Dagger            |    47 |    41 ||    88
 Cast: Magic Dart        |    88 |     7 ||    95
       Mephitic Cloud    |     8 |    10 ||    18
       Repel Missiles    |       |     1 ||     1
  Use: Scroll            |       |     1 ||     1
 Stab: Confused          |     3 |     4 ||     7
